Map: Lost and Found LE

Players

SNSD

  • Race: Zerg Zerg
  • League: Diamond
  • Spawn Location: 1:00

Bilsabob - Winner!

  • Race: Zerg Zerg
  • League: Platinum
  • Spawn Location: 7:00

VOD

Have the link to the VOD?

Description

I saw a moment to split banes the movement of the lings suggested his camera wasn't looking at my lings behind the main burrow helped plus split.

Time

  • Played on: Oct. 21, 2018, 11:26 p.m.
  • Length: 4:59
Show
View Real Time Build Order
Export as new Build Order

SNSD Zerg 

Build Orders: Hatch First 

Get SALT Encoding   

  12  0:02  Drone  
  13  0:13  Drone  
  14  0:17  Overlord  
  14  0:27  Extractor  
  14  0:28  Drone  
  15  0:39  Drone  
  15  0:40  Drone  
  17  0:46  Drone  
  18  0:57  Hatchery  
  18  1:01  Drone  
  18  1:07  Extractor  
  17  1:15  Spawning Pool  
  17  1:18  Drone  
  17  1:21  Drone  
  18  1:32  Drone  
  19  1:42  Overlord  
  19  2:02  Zergling x4  
  19  2:06  Queen  
  23  2:09  Queen  
  23  2:10  Zergling x2  
  23  2:12  Zergling x2  
  27  2:16  Metabolic Boost  
  27  2:24  Zergling x4  
  29  2:32  Zergling x2  
  28  2:54  Zergling x6  
  31  2:59  Queen  
  33  3:07  Spine Crawler  
  32  3:19  Zergling x10  
  28  3:28  Zergling x8  
  32  3:37  Zergling x4  
  34  3:42  Baneling Nest  
  33  3:48  Evolution Chamber  
  32  3:59  Roach Warren  
  32  4:00  Drone  
  32  4:01  Drone x3  
  23  4:27  Zergling x4  
  23  4:28  Zergling x2  
  25  4:45  Drone x2  
  26  4:46  Drone  
Show
View Real Time Build Order
Export as new Build Order

Bilsabob Zerg - Winner!

Build Orders: Pool First, Zergling Baneling 

Get SALT Encoding   

  12  0:00  Drone  
  13  0:20  Extractor  
  12  0:26  Spawning Pool  
  12  0:27  Drone  
  12  0:33  Drone  
  13  0:38  Drone  
  14  0:47  Overlord  
  14  0:56  Drone, Extractor  
  15  1:12  Queen  
  15  1:13  Zergling x2  
  18  1:19  Zergling x2  
  18  1:22  Zergling x2  
  20  1:30  Metabolic Boost  
  20  1:35  Zergling x2  
  21  1:43  Baneling Nest  
  20  1:47  Zergling x2  
  20  1:53  Zergling x2  
  22  2:05  Overlord  
  22  2:28  Baneling x2  
  22  2:31  Zergling x8  
  25  2:48  Zergling x4  
  26  2:55  Baneling x2  
  26  2:57  Burrow  
  18  3:28  Zergling x2  
  18  3:29  Zergling x4  
  21  3:38  Baneling x3  
  21  3:39  Hatchery  
  20  3:41  Baneling  
  20  3:46  Drone  
  21  3:56  Drone  
  21  3:57  Drone  
  20  4:31  Zergling x2  
  20  4:32  Zergling x6  
  20  4:36  Baneling x2  
  24  4:42  Drone  
Tags
 
Add a new tag
Caveats
  • Supply blocks, unpowered buildings, or Contaminate may cause inaccurate times.
  • Supply counts are checked every 10 seconds.